cohdb
Replays
Latest Replays
All Replays
Popular Replays
Top Player Replays
Match Explorer
How It Works
Community
CoH3 Stats
Reddit
Sign in to upload your games and track your stats! →
Sign in with Steam
Match 44254236
Unlisted
Match 44254236
Overview
Messages
Build Orders
End
Royal Engineer Section
Construct Section Command Post
Selects Heavy Armor Battlegroup
Vickers Machine Gun Team
Infantry Section
Construct Field Infirmary
Royal Engineer Section
Selects Rigorous Vehicle Training
Infantry Section
Selects Forward Repair Assembly
Selects UNKNOWN (2162094)
Construct Platoon Command Post
Unlock M3 Stuart Light Tanks
Selects Light Vehicle Withdraw and Refit
Grenade Package
M3 Stuart Light Tank
M3 Stuart Light Tank
Selects UNKNOWN (202330)
Selects UNKNOWN (202330)
Selects Designate Targets
Selects Designate Targets
Designate Targets
Construct Company Command Post
Designate Targets
Unlock M3 Grant Medium Tanks
Designate Targets
Crusader AA Medium Tank
Foot Guards Section
Designate Targets
Churchill IV Heavy Tank
Royal Engineer Section
Designate Targets
AI Takeover
Хлебный BOT
El_COcOdrILo
DrewP
Dillbro
0
0
Comments
sign in to comment!
No comments posted yet!